 Dungeon Crawl Stone Soup version 0.27.0-1-g7a089689b8 (webtiles) character file.

Game seed: 17382034358749935836

12 leastbad the Nimble (level 2, -1/20 HPs)
             Began as a Gnoll Wanderer on Aug 17, 2021.
             Succumbed to an adder's poison
             ... on level 1 of the Dungeon.
             The game lasted 00:12:40 (580 turns).

leastbad the Nimble (Gnoll Wanderer)                 Turns: 580, Time: 00:12:40

Health: -1/20      AC:  6    Str: 11    XL:     2   Next: 33%
Magic:  2/2        EV: 12    Int: 13    God:
Gold:   29         SH:  0    Dex:  9    Spells: 1/1 levels left

rFire    . . .     SeeInvis .   a - +0 club
rCold    . . .     Faith    .   (no shield)
rNeg     . . .     Spirit   .   b - +0 ring mail
rPois    .         Reflect  .   (no helmet)
rElec    .         Harm     .   (no cloak)
rCorr    .         Rampage  .   (no gloves)
Will     .....                  (no boots)
Stlth    ..........             (no amulet)
HPRegen  0.06/turn              (no ring)
MPRegen  0.08/turn              (no ring)

@: lethally poisoned (-1 -> -9)
A: fangs 1, strong nose, distributed training
a: no special abilities


You were on level 1 of the Dungeon.
You visited 1 branch of the dungeon, and saw 2 of its levels.

You collected 29 gold pieces.

Inventory:

Hand Weapons
 a - a +0 club (weapon)
 f - a +0 dagger
 h - a +0 dagger
 j - a +0 club
 k - a +0 whip
Missiles
 g - 10 stones
Armour
 b - a +0 ring mail (worn)
Scrolls
 e - 3 scrolls of identify {unknown}
 i - a scroll of vulnerability {unknown}
Potions
 c - a potion of lignification
Miscellaneous
 d - a phial of floods (quivered)


   Skills:
 + Level 0.3 Fighting
 + Level 0.3 Short Blades
 + Level 0.3 Long Blades
 + Level 0.3 Axes
 + Level 0.3 Maces & Flails
 + Level 2.4 Polearms
 + Level 0.3 Staves
 + Level 0.3 Slings
 + Level 0.3 Bows
 + Level 2.4 Crossbows
 + Level 0.3 Throwing
 + Level 4.4 Armour
 + Level 8.4 Dodging
 + Level 0.3 Stealth
 + Level 2.4 Shields
 + Level 0.3 Unarmed Combat
 + Level 0.3 Spellcasting
 + Level 0.2 Conjurations
 + Level 0.2 Hexes
 + Level 0.2 Summonings
 + Level 0.2 Necromancy
 + Level 0.2 Translocations
 + Level 0.2 Transmutations
 + Level 0.2 Fire Magic
 + Level 0.2 Ice Magic
 + Level 0.2 Air Magic
 + Level 0.2 Earth Magic
 + Level 0.2 Poison Magic
 + Level 0.4 Invocations
 + Level 2.4 Evocations


You had one spell level left.
You didn't know any spells.
Your spell library was empty.

Dungeon Overview and Level Annotations

Branches:
Dungeon (2/15)

Altars:

Shops:
D:1 [


Innate Abilities, Weirdness & Mutations

You have very sharp teeth.
Your uncanny sense of smell can sniff out nearby items.
Your experience applies equally to all skills.


Message History

You kill the hobgoblin!
The kobold barely misses you.
The kobold hits you with a +0 short sword.
You barely miss the kobold.
A dart slug comes into view.
The frilled lizard misses you. The kobold barely misses you.
You closely miss the kobold. The frilled lizard misses you.
The kobold misses you. The adder completely misses you.
You hit the kobold but do no damage.
The frilled lizard bites you but does no damage.
The adder bites you but does no damage. The kobold closely misses you.
The adder bites you but does no damage.
The frilled lizard bites you but does no damage.
You hit the kobold.
The kobold is moderately wounded.
The kobold closely misses you. The adder bites you.
The ball python bites you but does no damage.
The ball python grabs you. The ball python constricts you.
The frilled lizard bites you.
The kobold hits you with a +0 short sword.
* * * LOW HITPOINT WARNING * * *
You escape the ball python's grasp.
The adder bites you but does no damage. The ball python bites you.
* * * LOW HITPOINT WARNING * * *
The ball python barely misses you. The adder bites you but does no damage.
The ball python misses you. x2
There is a stone staircase leading up here.
You are not religious.
Unknown command.
The frilled lizard barely misses you.
The frilled lizard bites you but does no damage.
You climb upwards.
Found a stone staircase leading down.
There is a stone staircase leading down here.
The adder bites you.
* * * LOW HITPOINT WARNING * * *
You are lethally poisoned!
The adder poisons you! The adder bites you but does no damage.
Found a rapier.
You die...

.# ... #.... .
... #....# ...
####....# .....
..#....#
#......# #....#
#....########
#.#...S>......#
#....@.l.####..
###....#....).
#######.....
.#### ##


You could see an adder and a frilled lizard.

Vanquished Creatures
  A ball python (D:1)
  A giant cockroach (D:2)
  3 goblins
  A hobgoblin (D:2)
  A quokka (D:1)
  2 bats (D:1)
  A kobold (D:2)
  A rat (D:1)
11 creatures vanquished.

Notes
Turn   | Place    | Note
-------+----------+-------------------------------------------
     0 | D:1      | leastbad the Gnoll Wanderer began the quest for the Orb.
     0 | D:1      | leastbad set off with the following items: a +0 club, a +0
                  | ring mail, a potion of lignification, a phial of floods
     0 | D:1      | Reached XP level 1. HP: 13/13 MP: 1/1
    46 | D:1      | Found Neg Otri's Antique Armour Boutique.
   440 | D:1      | Reached XP level 2. HP: 19/19 MP: 2/2
   494 | D:1      | You fall into a shaft and drop 1 floor!
   579 | D:1      | HP: 1/20 [adder (2)]
   580 | D:1      | Succumbed to an adder's poison

Illustrated notes

Levels and vault maps discovered:
D:1:      amcnicky_arrival_single_pillar, layout_rooms, serial_shops,
          shop_statue, shapermc_ecumenical_altar_mp_vishouse
D:2:      layout_loops_ring, basic_altar, minmay_fractal_squares_5

Action                   || total
-------------------------++-------
Melee: Club              ||    68
       Bite              ||     1
Armor: Ring mail         ||    64
Dodge: Dodged            ||    80
